 Dungeon Crawl Stone Soup version 0.21.1-1-g345015fe64 (webtiles) character file.

191 Htamos the Cutter (level 5, -4/36 HPs)
             Began as an Octopode Wizard on July 12, 2018.
             Slain by Thargor's ghost (13 damage)
             ... on level 3 of the Dungeon.
             The game lasted 00:11:36 (3497 turns).

Htamos the Cutter (Octopode Wizard)                 Turns: 3497, Time: 00:11:38

Health: -4/36      AC:  2    Str:  7    XL:     5   Next: 70%
Magic:  8/9        EV: 13    Int: 21    God:
Gold:   158        SH:  0    Dex: 10    Spells: 9/10 levels left

rFire    . . .     SeeInvis .   j - +0 falchion (flame)
rCold    . . .     Gourm    .   (no shield)
rNeg     . . .     Faith    .   a - +1 hat
rPois    .         Spirit   .   (no amulet)
rElec    .         Reflect  .   (no ring)
rCorr    .         Harm     .   (no ring)
MR       .....                  (no ring)
Stlth    +++.......             (no ring)
HPRegen  0.12/turn              (no ring)
MPRegen  0.11/turn              (no ring)
                                (no ring)
                                (no ring)

@: no status effects
A: almost no armour, stealthy swim, amphibious, 8 rings, constrict 8, camouflage
1, gelatinous body 1
a: no special abilities


You were on level 3 of the Dungeon.
You were not hungry.

You visited 1 branch of the dungeon, and saw 3 of its levels.

You collected 158 gold pieces.

Inventory:

Hand Weapons
 e - a +0 whip
 j - a +0 falchion of flaming (weapon)
 q - a +0 dagger
 s - a +0 dagger
 t - a +1 vampiric whip
 u - a cursed -1 hunting sling
 w - a +0 hunting sling
Missiles
 d - 30 bolts
 k - 12 poisoned needles
 m - 55 sling bullets
 o - 154 stones (quivered)
 p - 35 arrows
Armour
 a - a +1 hat (worn)
Scrolls
 i - 4 scrolls of identify
 l - a scroll of fog {unknown}
 r - 3 scrolls of remove curse
 v - 2 scrolls of teleportation
 y - a scroll of noise {unknown}
Potions
 f - a potion of mutation {unknown}
 g - a potion of invisibility
 h - 2 potions of curing {unknown}
 n - a potion of heal wounds {unknown}
 x - a potion of cancellation {unknown}
 z - 3 potions of agility {unknown}
Books
 b - a book of Minor Magic

   Spells                             Type                      Level
   a - Magic Dart                     Conjuration                  1
   b - Blink                          Translocation                2
   c - Call Imp                       Summoning                    2
   d - Slow                           Hexes                        2
   e - Conjure Flame                  Conjuration/Fire             3
   f - Mephitic Cloud                 Conjuration/Poison/Air       3
Comestibles
 c - 6 rations


   Skills:
 - Level 3.0 Fighting
 + Level 4.1 Short Blades
 - Level 2.0 Dodging
 - Level 2.6 Stealth
 - Level 3.0 Spellcasting
 - Level 1.0 Conjurations
   Level 1.0 Summonings
   Level 1.0 Translocations


You had 9 spell levels left.
You knew the following spells:

 Your Spells              Type           Power        Failure   Level  Hunger
a - Magic Dart            Conj           #...         9%          1    None


Dungeon Overview and Level Annotations

Branches:
Dungeon (3/15)

Altars:
Elyvilon

Annotations:
D:3 Thargor's ghost, amateur GrFi


Innate Abilities, Weirdness & Mutations

You cannot wear most types of armour.
You are very stealthy in the water. (Stealth+)
You are amphibious.
You can wear up to eight rings at the same time.
You can use your tentacles to constrict eight enemies at once.
Your skin changes colour to match your surroundings (Stealth+).
Your rubbery body absorbs attacks. (AC +1, EV +1)


Message History

Thargor's ghost closely misses you.
You riposte.
You hit Thargor's ghost but do no damage.
You squeeze Thargor's ghost!
Thargor's ghost is moderately damaged.
You hit Thargor's ghost but do no damage.
You squeeze Thargor's ghost, but do no damage.
Thargor's ghost is moderately damaged.
Thargor's ghost laughs crazily.
Thargor's ghost hits you!
Your magical contamination has completely faded away.
You hit Thargor's ghost but do no damage.
Thargor's ghost is moderately damaged.
Thargor's ghost hits you but does no damage.
Thargor's ghost barely misses you.
You closely miss Thargor's ghost. You squeeze Thargor's ghost.
Thargor's ghost is moderately damaged.
Thargor's ghost hits you!
* * * LOW HITPOINT WARNING * * *
Thargor's ghost hits you!
You die...

.[.# #.# #........# ######
#.# #####.#### .....#
##'## #.# ####.# ##...##
#.# ####.# ##.....## #.#
.#.#.# ##.......## ##.##
.....###.........####.[.##
.......+.......W.+.......#
.....###........@####...##
.#.### ##.......## ##..#
.### ##.....## ##.# .#
##...## #.# .. ##'## #.#
#. #.# #.# .# #.# #.#
##.##########.#
##...#<........#


You could see Thargor's ghost.

Vanquished Creatures
  Natasha (thrice) (D:2)
  Terence (D:2)
  A gnoll (D:1)
  An adder (D:2)
  3 worms (D:3)
  3 dart slugs
  A leopard gecko (D:1)
  An orc (D:3)
  8 bats
  5 giant cockroaches
  9 goblins
  4 hobgoblins
  5 frilled lizards
  7 kobolds
  9 rats
61 creatures vanquished.

Notes
Turn   | Place    | Note
-------+----------+-------------------------------------------
     0 | D:1      | Htamos the Octopode Wizard began the quest for the Orb.
     0 | D:1      | Reached XP level 1. HP: 11/11 MP: 4/4
   117 | D:1      | Reached skill level 1 in Fighting
   185 | D:1      | Reached XP level 2. HP: 19/19 MP: 0/6
   394 | D:1      | Reached XP level 3. HP: 16/25 MP: 5/7
   990 | D:2      | Noticed Terence
   990 | D:2      | Noticed Natasha
   992 | D:2      | Killed Natasha
   992 | D:2      | Reached skill level 1 in Short Blades
   992 | D:2      | Reached XP level 4. HP: 31/31 MP: 8/8
  1010 | D:2      | Killed Terence
  1010 | D:2      | Reached skill level 2 in Short Blades
  1545 | D:2      | Noticed Natasha
  1580 | D:2      | Killed Natasha
  1580 | D:2      | Reached skill level 3 in Short Blades
  1580 | D:2      | Reached XP level 5. HP: 15/36 MP: 9/9
  1851 | D:2      | Found a white marble altar of Elyvilon.
  2172 | D:2      | Noticed Natasha
  2188 | D:2      | Killed Natasha
  2440 | D:3      | Noticed Thargor's ghost (amateur GrFi)
  2822 | D:3      | Reached skill level 4 in Short Blades
  3497 | D:3      | Slain by Thargor's ghost

Skill      XL: |  1  2  3  4  5 |
---------------+----------------+-----
Fighting       | 1 2 3 |  3.0
Short Blades   | 1 3 4 |  4.1
Dodging        | |  2.0
Stealth        | |  2.6
Spellcasting   | |  3.0
Conjurations   | |  1.0
Summonings     | |  1.0
Translocations | |  1.0

Action                   |  1- 3 |  4- 6 || total
-------------------------+-------+-------++-------
Melee: Whip              |    31 |       ||    31
       Constrict         |    12 |    14 ||    26
       Unarmed           |     2 |       ||     2
       Tentacles         |     7 |    19 ||    26
       Dagger            |     3 |    65 ||    68
       Falchion          |       |    16 ||    16
 Cast: Magic Dart        |    43 |    44 ||    87
  Use: Scroll            |       |     7 ||     7
 Stab: Sleeping          |     2 |     3 ||     5
       Distracted        |       |     1 ||     1
  Eat: Chunk             |       |     8 ||     8
Armor: Skin              |     8 |     8 ||    16
Dodge: Dodged            |    27 |    45 ||    72
       Rpst.: Falchion   |       |     5 ||     5
